Ice Dragons vs Harfangs
Created - October 15, 2017 at 09:02
Goals
|
Ice Dragons |
4 |
0 |
1 |
5 |
Harfangs |
1 |
2 |
3 |
6 |
|
Shots
|
Ice Dragons |
11 |
6 |
4 |
21 |
Harfangs |
7 |
7 |
12 |
26 |
|
1st period
1. Ice Dragons , Petr Vrana 1 (Tyler Haskins 1, Samuel Groulx 1) at 7:44
2. Ice Dragons , Petr Vrana 2 (Tyler Haskins 2, Ryan Reaves 2) at 8:54 (PP)
3. Ice Dragons , Troy Brouwer 1 (Michael Latta 2) at 9:43
4. Harfangs , Cam Atkinson 2 (Cody Eakin 2, Tomas Tatar 1) at 13:07
5. Ice Dragons , Michael Latta 2 (Ian Cole 1, Petr Vrana 1) at 16:13 (SH)
Penalties :
Cody Eakin (BEA) for Hooking (Minor) at 8:11, Michal Repik (BEA) for Holding (Minor) at 14:07, Curtis Glencross (Kin) for Interference (Minor) at 14:23
2nd period
6. Harfangs , Michal Repik 1 (Andreas Martinsen 1, Calle Jarnkrok 1) at 6:25
7. Harfangs , Nick Holden 1 (Cody Eakin 3, Tomas Tatar 2) at 14:42
Penalties :
Michael Latta (Kin) for Roughing (Minor) at 7:31
3rd period
8. Harfangs , Michal Repik 2 (Nathan Beaulieu 1, Andreas Martinsen 2) at 1:32
9. Harfangs , Jean-Gabriel Pageau 1 (Cam Atkinson 1, Victor Bartley 1) at 16:48
10. Ice Dragons , Curtis Glencross 1 (Troy Brouwer 1) at 17:25
11. Harfangs , Jean-Gabriel Pageau 2 (Nick Holden 1, Brandon Pirri 1) at 18:28 (PP)
Penalties :
Victor Bartley (BEA) for Hooking (Minor) at 3:07, Petr Vrana (Kin) for Interference (Minor) at 7:54, Logan MacMillan (Kin) for Slashing (Minor) at 14:38, Ryan Reaves (Kin) for Hooking (Minor) at 17:48
Goalie Stats
Anders Nilsson (Kin), 20 saves from 26 shots - (0.769), L, 1-1-0, 58:59 minutes
Jeremy Duchesne (BEA), 5 saves from 9 shots - (0.556), 16:13 minutes
Andrew Hammond (BEA), 11 saves from 12 shots - (0.917), W, 1-1-0, 43:47 minutes
Players Stats for Ice Dragons
Player Name G A P +/- PIM S H SB GA TA FO MP PP MP PK MP
------------------------------------------------------------------------------------
Andrej Nestrasil 0 0 0 -1 0 2 4 0 0 0 2/4 14:31 0:00 1:49
Brandon Kozun 0 0 0 -1 0 1 1 1 1 0 0/1 11:58 0:00 0:00
Brayden McNabb 0 0 0 -1 0 0 1 2 1 0 0/0 19:49 0:37 2:44
Curtis Glencross 1 0 1 -1 2 1 0 0 2 0 8/10 24:41 1:39 4:01
Eric Gustafsson 0 0 0 -2 0 0 0 0 0 0 0/0 4:22 0:00 0:00
Ian Cole 0 1 1 -2 0 2 3 2 0 1 0/0 27:11 2:21 4:09
Joe Callahan 0 0 0 0 0 0 1 1 1 2 0/0 25:11 2:21 4:09
Kevin Connauton 0 0 0 -1 0 1 1 3 0 1 0/0 19:49 0:37 2:44
Logan MacMillan 0 0 0 -2 2 0 0 1 0 0 0/0 12:08 0:00 0:00
Michael Chaput 0 0 0 -1 0 0 0 0 0 0 0/1 6:04 0:00 0:00
Michael Ferland 0 0 0 -1 0 0 1 0 0 0 0/0 7:22 0:00 1:18
Michael Latta 1 1 2 2 2 3 2 0 1 1 10/28 17:58 1:32 1:16
Petr Vrana 2 1 3 1 2 5 1 0 0 2 0/0 17:53 1:15 1:04
Ryan Reaves 0 1 1 0 2 1 2 0 0 0 0/1 16:06 1:11 0:00
Sam Carrick 0 0 0 0 0 0 1 0 0 0 0/1 3:09 0:18 0:00
Samuel Groulx 0 1 1 2 0 0 0 0 0 0 0/0 11:46 0:00 0:00
Theodor Blueger 0 0 0 0 0 0 0 0 0 0 0/0 1:30 0:11 0:25
Tomas Kudelka 0 0 0 2 0 0 0 0 0 0 0/0 11:52 0:00 0:00
Troy Brouwer 1 1 2 0 0 2 4 0 2 0 1/4 21:47 1:32 3:53
Tyler Haskins 0 2 2 0 0 3 3 0 1 0 6/8 16:12 1:15 0:00
Players Stats for Harfangs
Player Name G A P +/- PIM S H SB GA TA FO MP PP MP PK MP
------------------------------------------------------------------------------------
Alex Plante 0 0 0 1 0 0 0 0 0 1 0/0 11:27 0:00 0:53
Andreas Martinsen 0 2 2 2 0 1 0 0 0 0 0/0 11:23 0:00 0:25
Angelo Esposito 0 0 0 -1 0 3 0 1 0 1 2/3 9:06 0:00 0:00
Brandon Pirri 0 1 1 0 0 0 2 0 0 0 0/0 15:22 2:41 0:00
Brandon Saad 0 0 0 -1 0 0 1 0 0 0 0/0 9:06 0:00 0:00
Brenden Kichton 0 0 0 0 0 0 0 0 0 0 0/0 5:29 0:00 0:00
Calle Jarnkrok 0 1 1 2 0 1 0 0 0 0 4/7 10:58 0:00 0:00
Cam Atkinson 1 1 2 1 0 3 2 1 3 3 3/8 22:43 4:05 1:57
Cody Eakin 0 2 2 0 2 2 2 0 1 1 5/9 16:48 2:41 0:48
Cristoval Nieves 0 0 0 0 0 0 0 0 0 0 0/0 0:00 0:00 0:00
Dennis Everberg 0 0 0 -1 0 1 0 0 0 0 0/0 9:06 0:00 0:00
Dustin Jeffrey 0 0 0 1 0 2 3 0 2 0 0/0 20:37 4:05 0:20
Dylan Olsen 0 0 0 -1 0 0 0 0 0 0 0/0 17:02 2:26 1:10
Jake Dotchin 0 0 0 0 0 0 0 0 0 0 0/0 0:26 0:00 0:16
Jean-Gabriel Pageau 2 0 2 0 0 6 2 0 0 2 17/30 22:44 4:00 1:58
Joel Armia 0 0 0 0 0 0 0 0 0 0 0/0 0:00 0:00 0:00
Mark Alt 0 0 0 1 0 0 0 0 0 0 0/0 11:12 0:00 0:28
Michal Repik 2 0 2 1 2 3 1 0 0 0 0/0 11:04 0:07 0:00
Nathan Beaulieu 0 1 1 1 0 0 0 0 1 0 0/0 26:29 4:27 1:32
Nick Holden 1 1 2 -1 0 2 1 1 0 1 0/0 17:02 2:26 1:10
Reid McNeill 0 0 0 0 0 0 0 0 0 0 0/0 5:29 0:00 0:00
Sebastian Wannstrom 0 0 0 0 0 0 0 0 0 0 0/0 0:28 0:00 0:28
Tobias Rieder 0 0 0 -1 0 0 0 0 0 0 0/0 0:26 0:19 0:00
Tomas Tatar 0 2 2 0 0 1 2 0 0 0 0/1 15:22 2:41 0:00
Victor Bartley 0 1 1 1 2 1 2 1 0 0 0/0 25:27 4:27 0:27
3 Stars
1 - Petr Vrana (Kin)
2 - Jean-Gabriel Pageau (BEA)
3 - Cam Atkinson (BEA)
Power Play
Ice Dragons - 1 on 3 Attempt(s) - 33.33%
Harfangs - 1 on 5 Attempt(s) - 20.00%
Penalty Kill
Ice Dragons - 4 on 5 Attempt(s) - 80.00%
- Score 1 goal in Penalty Kill
Harfangs - 2 on 3 Attempt(s) - 66.67%
- Score 0 goal in Penalty Kill
Team Stat
Ice Dragons - Hits : 25 - Faceoff Wins : 27 - Blocked Shots : 10 - Penalty Minutes : 10
Harfangs - Hits : 18 - Faceoff Wins : 31 - Blocked Shots : 4 - Penalty Minutes : 6
Official
Referees : Kimmerly Greg and Walsh Ian
Linesman : David Brisebois and Mark Shewchyk
Game Notes
Andrew Hammond enters game at 16:13 of 1st period
Finance
Level 1 -- Attendance: 1524 (76.20%) -- Ticket Income $53,340
Level 2 -- Attendance: 763 (76.30%) -- Ticket Income $15,260
Total Attendance: 2287 (76.23%)
Total Ticket Income: $68,600
Other Income: $3,430
Total Income: $72,030
Ice Dragons
5 vs 5 Forward
Center Left Wing Right Wing Time % Phy DF OF
1 Michael Latta Curtis Glencross Troy Brouwer 40 1 2 2
2 Tyler Haskins Petr Vrana Ryan Reaves 30 1 2 2
3 Andrej Nestrasil Logan MacMillan Brandon Kozun 20 1 2 2
4 Michael Chaput Michael Ferland Curtis Glencross 10 1 2 2
5 vs 5 Defense
Defense Defense Time % Phy DF OF
1 Ian Cole Joe Callahan 40 1 2 2
2 Brayden McNabb Kevin Connauton 30 1 2 2
3 Tomas Kudelka Samuel Groulx 20 1 2 2
4 Eric Gustafsson Ian Cole 10 1 2 2
PowerPlay Forward
Center Left Wing Right Wing Time % Phy DF OF
1 Michael Latta Curtis Glencross Troy Brouwer 60 1 2 2
2 Tyler Haskins Petr Vrana Ryan Reaves 40 1 2 2
PowerPlay Defense
Defense Defense Time % Phy DF OF
1 Ian Cole Joe Callahan 60 1 2 2
2 Brayden McNabb Kevin Connauton 40 1 2 2
Penalty Kill 4 Players Forward
Center Wing Time % Phy DF OF
1 Curtis Glencross Troy Brouwer 60 1 2 2
2 Michael Latta Petr Vrana 40 1 2 2
Penalty Kill 4 Players Defense
Defense Defense Time % Phy DF OF
1 Ian Cole Joe Callahan 60 1 2 2
2 Brayden McNabb Kevin Connauton 40 1 2 2
Penalty Kill - 3 Players Forward
Forward Time % Phy DF OF
1 Curtis Glencross 60 1 2 2
2 Troy Brouwer 40 1 2 2
Penalty Kill - 3 Players Defense
Defense Defense Time % Phy DF OF
1 Ian Cole Joe Callahan 60 1 2 2
2 Brayden McNabb Kevin Connauton 40 1 2 2
4 vs 4 Forward
Center Wing Time % Phy DF OF
1 Curtis Glencross Troy Brouwer 60 1 2 2
2 Michael Latta Petr Vrana 40 1 2 2
4 vs 4 Defense
Defense Defense Time % Phy DF OF
1 Ian Cole Joe Callahan 60 1 2 2
2 Brayden McNabb Kevin Connauton 40 1 2 2
Last Minutes Offensive
Center Left Wing Right Wing Defense Defense
Michael Latta Curtis Glencross Troy Brouwer Ian Cole Joe Callahan
Last Minutes Defensive
Center Left Wing Right Wing Defense Defense
Michael Latta Curtis Glencross Troy Brouwer Ian Cole Joe Callahan
Goaltenders
Starting : Anders Nilsson
Backup : Harru Sateri
Extra Forwards
Normal : Sam Carrick, Theodor Blueger, Andrej Nestrasil - PP : Sam Carrick, Theodor Blueger - PK : Andrej Nestrasil
Extra Defensemen
Normal : Tomas Kudelka, Samuel Groulx, Eric Gustafsson - PP : Tomas Kudelka - PK : Samuel Groulx, Eric Gustafsson
Penalty Shots
Curtis Glencross, Troy Brouwer, Michael Latta, Petr Vrana, Tyler Haskins
Scratches
Oscar Dansk (Healthy)
Harfangs
5 vs 5 Forward
Center Left Wing Right Wing Time % Phy DF OF
1 Jean-Gabriel Pageau Dustin Jeffrey Cam Atkinson 40 1 2 2
2 Cody Eakin Tomas Tatar Brandon Pirri 30 1 2 2
3 Calle Jarnkrok Andreas Martinsen Michal Repik 20 1 2 2
4 Angelo Esposito Brandon Saad Dennis Everberg 10 1 2 2
5 vs 5 Defense
Defense Defense Time % Phy DF OF
1 Victor Bartley Nathan Beaulieu 40 1 2 2
2 Dylan Olsen Nick Holden 30 1 2 2
3 Alex Plante Mark Alt 20 1 2 2
4 Reid McNeill Brenden Kichton 10 1 2 2
PowerPlay Forward
Center Left Wing Right Wing Time % Phy DF OF
1 Jean-Gabriel Pageau Dustin Jeffrey Cam Atkinson 60 1 2 2
2 Cody Eakin Tomas Tatar Brandon Pirri 40 1 2 2
PowerPlay Defense
Defense Defense Time % Phy DF OF
1 Victor Bartley Nathan Beaulieu 60 1 2 2
2 Dylan Olsen Nick Holden 40 1 2 2
Penalty Kill 4 Players Forward
Center Wing Time % Phy DF OF
1 Cam Atkinson Jean-Gabriel Pageau 60 1 2 2
2 Cody Eakin Dustin Jeffrey 40 1 2 2
Penalty Kill 4 Players Defense
Defense Defense Time % Phy DF OF
1 Victor Bartley Nathan Beaulieu 60 1 2 2
2 Dylan Olsen Nick Holden 40 1 2 2
Penalty Kill - 3 Players Forward
Forward Time % Phy DF OF
1 Cam Atkinson 60 1 2 2
2 Jean-Gabriel Pageau 40 1 2 2
Penalty Kill - 3 Players Defense
Defense Defense Time % Phy DF OF
1 Victor Bartley Nathan Beaulieu 60 1 2 2
2 Dylan Olsen Nick Holden 40 1 2 2
4 vs 4 Forward
Center Wing Time % Phy DF OF
1 Cam Atkinson Jean-Gabriel Pageau 60 1 2 2
2 Cody Eakin Dustin Jeffrey 40 1 2 2
4 vs 4 Defense
Defense Defense Time % Phy DF OF
1 Victor Bartley Nathan Beaulieu 60 1 2 2
2 Dylan Olsen Nick Holden 40 1 2 2
Last Minutes Offensive
Center Left Wing Right Wing Defense Defense
Jean-Gabriel Pageau Dustin Jeffrey Cam Atkinson Victor Bartley Nathan Beaulieu
Last Minutes Defensive
Center Left Wing Right Wing Defense Defense
Jean-Gabriel Pageau Dustin Jeffrey Cam Atkinson Victor Bartley Nathan Beaulieu
Goaltenders
Starting : Jeremy Duchesne
Backup : Andrew Hammond
Extra Forwards
Normal : Tobias Rieder, Joel Armia, Sebastian Wannstrom - PP : Tobias Rieder, Joel Armia - PK : Sebastian Wannstrom
Extra Defensemen
Normal : Jake Dotchin, Alex Plante, Mark Alt - PP : Jake Dotchin - PK : Alex Plante, Mark Alt
Penalty Shots
Cam Atkinson, Jean-Gabriel Pageau, Cody Eakin, Dustin Jeffrey, Tomas Tatar
Scratches
John Macfarland (Healthy), Brendan Leipsic (Healthy), Connor Hellebyuk (Healthy), Anton Forsberg (Healthy), Jason Kasdorf (Healthy)
Mark Visentin (Healthy), Scott Wedgewood (Healthy)
% Time on Ice - Ice Dragons
Lines # - Real PCT - Wanted PCT - Time Play
Normal Forward
1 - 30% - 40% - 14:06
2 - 32% - 30% - 15:06
3 - 25% - 20% - 11:58
4 - 13% - 10% - 6:04
Normal Defense
1 - 35% - 40% - 16:34
2 - 33% - 30% - 15:40
3 - 25% - 20% - 11:46
4 - 7% - 10% - 3:14
PP Forward
1 - 58% - 60% - 1:43
2 - 42% - 40% - 1:15
PP Defense
1 - 79% - 60% - 2:21
2 - 21% - 40% - 0:37
PK Forward
1 - 75% - 60% - 5:11
2 - 25% - 40% - 1:42
PK Defense
1 - 60% - 60% - 4:09
2 - 40% - 40% - 2:44
PK3 Forward
1 - 0% - 60%
2 - 0% - 40%
PK3 Defense
1 - 0% - 60%
2 - 0% - 40%
44 Forward
1 - 93% - 60% - 1:36
2 - 7% - 40% - 0:07
44 Defense
1 - 53% - 60% - 0:55
2 - 47% - 40% - 0:48
Last Minute Offensive - 1:12
Last Minute Defensive - 0:00
Total
Forward - 60:00
Defense - 60:00
|
% Time on Ice - Harfangs
Lines # - Real PCT - Wanted PCT - Time Play
Normal Forward
1 - 31% - 40% - 14:32
2 - 27% - 30% - 12:41
3 - 23% - 20% - 10:58
4 - 19% - 10% - 9:06
Normal Defense
1 - 39% - 40% - 18:18
2 - 27% - 30% - 12:56
3 - 22% - 20% - 10:34
4 - 12% - 10% - 5:29
PP Forward
1 - 61% - 60% - 4:12
2 - 39% - 40% - 2:41
PP Defense
1 - 65% - 60% - 4:27
2 - 35% - 40% - 2:26
PK Forward
1 - 89% - 60% - 2:38
2 - 11% - 40% - 0:20
PK Defense
1 - 61% - 60% - 1:48
2 - 39% - 40% - 1:10
PK3 Forward
1 - 0% - 60%
2 - 0% - 40%
PK3 Defense
1 - 0% - 60%
2 - 0% - 40%
44 Forward
1 - 66% - 60% - 1:08
2 - 34% - 40% - 0:35
44 Defense
1 - 71% - 60% - 1:13
2 - 29% - 40% - 0:30
Last Minute Offensive - 0:00
Last Minute Defensive - 1:09
Total
Forward - 60:00
Defense - 60:00
|
Play by Play
1st period
0:01 of 1st period - Michael Latta wins face-off versus Jean-Gabriel Pageau in neutral zone.
0:10 of 1st period - Wrist shot by Michael Latta.
0:10 of 1st period - Shot Misses the Net.
0:42 of 1st period - Icing by Tomas Tatar.
0:43 of 1st period - Andrej Nestrasil wins face-off versus Calle Jarnkrok in Harfangs zone.
0:52 of 1st period - Wrist shot by Andrej Nestrasil.
0:52 of 1st period - Shot Misses the Net.
0:54 of 1st period - Slapshot by Brayden McNabb.
0:54 of 1st period - Shot Blocked by Nick Holden.
1:20 of 1st period - Backhand shot by Angelo Esposito.
1:20 of 1st period - Stopped by Anders Nilsson with a rebound.
1:22 of 1st period - Wrist shot by Dennis Everberg.
1:22 of 1st period - Shot Blocked by Brayden McNabb.
2:37 of 1st period - Dennis Everberg is hit by Michael Latta and loses puck.
3:15 of 1st period - Snap shot by Cody Eakin.
3:15 of 1st period - Stopped by Anders Nilsson with a rebound.
3:17 of 1st period - Slapshot by Dylan Olsen.
3:17 of 1st period - Shot Misses the Net.
3:31 of 1st period - Michal Repik is hit by Andrej Nestrasil and loses puck.
4:00 of 1st period - Victor Bartley is hit by Tyler Haskins and loses puck.
4:20 of 1st period - Victor Bartley is hit by Troy Brouwer and loses puck.
4:41 of 1st period - Snap shot by Brandon Kozun.
4:41 of 1st period - Shot Misses the Net.
5:32 of 1st period - Ian Cole is hit by Brandon Pirri and loses puck.
5:47 of 1st period - Dennis Everberg is hit by Ryan Reaves and loses puck.
5:52 of 1st period - Wrist shot by Petr Vrana.
5:52 of 1st period - Shot Misses the Net.
5:54 of 1st period - Snap shot by Ian Cole.
5:54 of 1st period - Stopped by Jeremy Duchesne with a rebound.
6:08 of 1st period - Calle Jarnkrok is hit by Brayden McNabb and loses puck.
7:19 of 1st period - Icing by Petr Vrana.
7:20 of 1st period - Angelo Esposito wins face-off versus Tyler Haskins in Ice Dragons zone.
7:23 of 1st period - Wrist shot by Dennis Everberg.
7:23 of 1st period - Stopped by Anders Nilsson with a rebound.
7:33 of 1st period - Tomas Kudelka is hit by Brandon Saad and loses puck.
7:42 of 1st period - Snap shot by Petr Vrana.
7:42 of 1st period - Stopped by Jeremy Duchesne with a rebound.
7:44 of 1st period - Snap shot by Petr Vrana.
7:44 of 1st period - Goal by Petr Vrana - Ice Dragons : 1 - Harfangs : 0.
7:45 of 1st period - Jean-Gabriel Pageau wins face-off versus Michael Latta in neutral zone.
8:11 of 1st period - Minor Penalty to Cody Eakin for Hooking.
8:12 of 1st period - Cam Atkinson wins face-off versus Michael Latta in Harfangs zone.
8:38 of 1st period - Icing by Joe Callahan.
8:39 of 1st period - Tyler Haskins wins face-off versus Cam Atkinson in Ice Dragons zone.
8:54 of 1st period - Wrist shot by Petr Vrana.
8:54 of 1st period - Goal by Petr Vrana - Ice Dragons : 2 - Harfangs : 0.
8:55 of 1st period - Michael Latta wins face-off versus Jean-Gabriel Pageau in neutral zone.
9:17 of 1st period - Icing by Joe Callahan.
9:18 of 1st period - Tyler Haskins wins face-off versus Cody Eakin in Ice Dragons zone.
9:41 of 1st period - Icing by Cody Eakin.
9:42 of 1st period - Michael Latta wins face-off versus Jean-Gabriel Pageau in Harfangs zone.
9:43 of 1st period - Snap shot by Troy Brouwer.
9:43 of 1st period - Goal by Troy Brouwer - Ice Dragons : 3 - Harfangs : 0.
9:44 of 1st period - Michael Latta wins face-off versus Cam Atkinson in neutral zone.
9:56 of 1st period - Wrist shot by Cam Atkinson.
9:56 of 1st period - Deflect By Dustin Jeffrey.
9:56 of 1st period - Shot Misses the Net.
9:56 of 1st period - Puck is out of play.
9:57 of 1st period - Michael Latta wins face-off versus Jean-Gabriel Pageau in Ice Dragons zone.
9:57 of 1st period - Michael Latta is hit by Jean-Gabriel Pageau.
10:23 of 1st period - Tomas Tatar is hit by Ian Cole and loses puck.
11:38 of 1st period - Snap shot by Brandon Pirri.
11:38 of 1st period - Shot Misses the Net.
12:45 of 1st period - Slapshot by Tyler Haskins.
12:45 of 1st period - Stopped by Jeremy Duchesne with a rebound.
13:07 of 1st period - Snap shot by Cam Atkinson.
13:07 of 1st period - Goal by Cam Atkinson - Ice Dragons : 3 - Harfangs : 1.
13:08 of 1st period - Jean-Gabriel Pageau wins face-off versus Michael Latta in neutral zone.
13:11 of 1st period - Joe Callahan is hit by Dustin Jeffrey and loses puck.
13:39 of 1st period - Snap shot by Cody Eakin.
13:39 of 1st period - Shot Misses the Net.
14:05 of 1st period - Slapshot by Petr Vrana.
14:05 of 1st period - Stopped by Jeremy Duchesne with a rebound.
14:07 of 1st period - Minor Penalty to Michal Repik for Holding.
14:08 of 1st period - Michael Latta wins face-off versus Cam Atkinson in Harfangs zone.
14:21 of 1st period - Snap shot by Cam Atkinson.
14:21 of 1st period - Shot Blocked by Joe Callahan.
14:23 of 1st period - Minor Penalty to Curtis Glencross for Interference.
14:24 of 1st period - Cam Atkinson wins face-off versus Sam Carrick in Ice Dragons zone.
14:56 of 1st period - Joe Callahan is hit by Cam Atkinson and loses puck.
15:11 of 1st period - Wrist shot by Dustin Jeffrey.
15:11 of 1st period - Stopped by Anders Nilsson with a rebound.
15:13 of 1st period - Backhand shot by Dylan Olsen.
15:13 of 1st period - Shot Blocked by Brayden McNabb.
15:15 of 1st period - Wrist shot by Dustin Jeffrey.
15:15 of 1st period - Stopped by Anders Nilsson without a rebound.
15:16 of 1st period - Troy Brouwer wins face-off versus Cam Atkinson in Ice Dragons zone.
15:44 of 1st period - Andrej Nestrasil is hit by Dustin Jeffrey and loses puck.
16:07 of 1st period - Penalty to Michal Repik is over, Michal Repik is back on ice.
16:11 of 1st period - Snap shot by Michael Latta.
16:11 of 1st period - Stopped by Jeremy Duchesne with a rebound.
16:13 of 1st period - Slapshot by Ian Cole.
16:13 of 1st period - Deflect By Michael Latta.
16:13 of 1st period - Goal by Michael Latta - Ice Dragons : 4 - Harfangs : 1.
16:13 of 1st period - Andrew Hammond enters game.
16:14 of 1st period - Cody Eakin wins face-off versus Troy Brouwer in neutral zone.
16:23 of 1st period - Penalty to Curtis Glencross is over, Curtis Glencross is back on ice.
17:12 of 1st period - Wrist shot by Michal Repik.
17:12 of 1st period - Stopped by Anders Nilsson without a rebound.
17:13 of 1st period - Tyler Haskins wins face-off versus Cody Eakin in Ice Dragons zone.
17:24 of 1st period - Wrist shot by Tyler Haskins.
17:24 of 1st period - Stopped by Andrew Hammond without a rebound.
17:25 of 1st period - Michael Latta wins face-off versus Jean-Gabriel Pageau in Harfangs zone.
17:36 of 1st period - Slapshot by Troy Brouwer.
17:36 of 1st period - Stopped by Andrew Hammond without a rebound.
17:37 of 1st period - Jean-Gabriel Pageau wins face-off versus Michael Latta in Harfangs zone.
17:44 of 1st period - Wrist shot by Dustin Jeffrey.
17:44 of 1st period - Shot Misses the Net.
17:50 of 1st period - Wrist shot by Cam Atkinson.
17:50 of 1st period - Shot Misses the Net.
18:28 of 1st period - Michal Repik is hit by Andrej Nestrasil and loses puck.
18:35 of 1st period - Snap shot by Michal Repik.
18:35 of 1st period - Shot Blocked by Kevin Connauton.
Goals for this period are 4 for Ice Dragons vs 1 for Harfangs.
Shots for this period are 11 for Ice Dragons vs 7 for Harfangs.
2nd period
0:01 of 2nd period - Michael Latta wins face-off versus Jean-Gabriel Pageau in neutral zone.
0:14 of 2nd period - Wrist shot by Cam Atkinson.
0:14 of 2nd period - Deflect By Jean-Gabriel Pageau.
0:14 of 2nd period - Stopped by Anders Nilsson with a rebound.
0:16 of 2nd period - Wrist shot by Jean-Gabriel Pageau.
0:16 of 2nd period - Shot Misses the Net.
0:26 of 2nd period - Nathan Beaulieu is hit by Ryan Reaves and loses puck.
0:53 of 2nd period - Wrist shot by Brandon Kozun.
0:53 of 2nd period - Shot Misses the Net.
0:55 of 2nd period - Snap shot by Andrej Nestrasil.
0:55 of 2nd period - Deflect By Brandon Kozun.
0:55 of 2nd period - Stopped by Andrew Hammond without a rebound.
0:56 of 2nd period - Jean-Gabriel Pageau wins face-off versus Michael Latta in Harfangs zone.
1:01 of 2nd period - Slapshot by Jean-Gabriel Pageau.
1:01 of 2nd period - Deflect By Cam Atkinson.
1:01 of 2nd period - Shot Misses the Net.
1:01 of 2nd period - Puck is out of play.
1:02 of 2nd period - Jean-Gabriel Pageau wins face-off versus Curtis Glencross in Ice Dragons zone.
1:29 of 2nd period - Cody Eakin is hit by Joe Callahan.
2:09 of 2nd period - Slapshot by Curtis Glencross.
2:09 of 2nd period - Shot Blocked by Angelo Esposito.
2:44 of 2nd period - Wrist shot by Michael Latta.
2:44 of 2nd period - Stopped by Andrew Hammond without a rebound.
2:45 of 2nd period - Cody Eakin wins face-off versus Troy Brouwer in Harfangs zone.
2:56 of 2nd period - Michael Latta is hit by Tomas Tatar and loses puck.
3:32 of 2nd period - Snap shot by Dennis Everberg.
3:32 of 2nd period - Deflect By Angelo Esposito.
3:32 of 2nd period - Shot Misses the Net.
3:32 of 2nd period - Puck is out of play.
3:33 of 2nd period - Andrej Nestrasil wins face-off versus Angelo Esposito in Ice Dragons zone.
3:38 of 2nd period - Brandon Saad is hit by Andrej Nestrasil and loses puck.
3:45 of 2nd period - Wrist shot by Brandon Kozun.
3:45 of 2nd period - Shot Misses the Net.
3:47 of 2nd period - Snap shot by Andrej Nestrasil.
3:47 of 2nd period - Stopped by Andrew Hammond with a rebound.
3:49 of 2nd period - Slapshot by Logan MacMillan.
3:49 of 2nd period - Shot Misses the Net.
3:59 of 2nd period - Brenden Kichton is hit by Tyler Haskins.
4:43 of 2nd period - Slapshot by Tomas Tatar.
4:43 of 2nd period - Stopped by Anders Nilsson with a rebound.
4:45 of 2nd period - Snap shot by Cody Eakin.
4:45 of 2nd period - Stopped by Anders Nilsson with a rebound.
4:57 of 2nd period - Wrist shot by Tyler Haskins.
4:57 of 2nd period - Stopped by Andrew Hammond with a rebound.
5:17 of 2nd period - Tyler Haskins is hit by Nick Holden.
5:31 of 2nd period - Slapshot by Curtis Glencross.
5:31 of 2nd period - Shot Misses the Net.
5:33 of 2nd period - Slapshot by Kevin Connauton.
5:33 of 2nd period - Stopped by Andrew Hammond without a rebound.
5:34 of 2nd period - Jean-Gabriel Pageau wins face-off versus Michael Latta in Harfangs zone.
5:49 of 2nd period - Wrist shot by Victor Bartley.
5:49 of 2nd period - Shot Misses the Net.
6:06 of 2nd period - Snap shot by Andrej Nestrasil.
6:06 of 2nd period - Shot Misses the Net.
6:10 of 2nd period - Snap shot by Andrej Nestrasil.
6:10 of 2nd period - Shot Misses the Net.
6:14 of 2nd period - Snap shot by Brandon Kozun.
6:14 of 2nd period - Shot Hit the Post.
6:16 of 2nd period - Slapshot by Brayden McNabb.
6:16 of 2nd period - Deflect By Logan MacMillan.
6:16 of 2nd period - Shot Misses the Net.
6:16 of 2nd period - Puck is out of play.
6:17 of 2nd period - Calle Jarnkrok wins face-off versus Tyler Haskins in Harfangs zone.
6:17 of 2nd period - Calle Jarnkrok is hit by Tyler Haskins.
6:25 of 2nd period - Snap shot by Michal Repik.
6:25 of 2nd period - Goal by Michal Repik - Ice Dragons : 4 - Harfangs : 2.
6:26 of 2nd period - Cam Atkinson wins face-off versus Michael Latta in neutral zone.
6:29 of 2nd period - Wrist shot by Cam Atkinson.
6:29 of 2nd period - Shot Misses the Net.
7:04 of 2nd period - Snap shot by Tyler Haskins.
7:04 of 2nd period - Deflect By Petr Vrana.
7:04 of 2nd period - Shot Misses the Net.
7:04 of 2nd period - Puck is out of play.
7:05 of 2nd period - Jean-Gabriel Pageau wins face-off versus Brandon Kozun in Harfangs zone.
7:18 of 2nd period - Snap shot by Cam Atkinson.
7:18 of 2nd period - Shot Blocked by Logan MacMillan.
7:20 of 2nd period - Slapshot by Victor Bartley.
7:20 of 2nd period - Stopped by Anders Nilsson without a rebound.
7:21 of 2nd period - Cody Eakin wins face-off versus Michael Latta in Ice Dragons zone.
7:31 of 2nd period - Minor Penalty to Michael Latta for Roughing.
7:32 of 2nd period - Curtis Glencross wins face-off versus Jean-Gabriel Pageau in Ice Dragons zone.
7:40 of 2nd period - Victor Bartley is hit by Ian Cole and loses puck.
8:06 of 2nd period - Troy Brouwer is hit by Brandon Pirri and loses puck.
9:03 of 2nd period - Brandon Pirri is hit by Michael Ferland and loses puck.
9:31 of 2nd period - Penalty to Michael Latta is over, Michael Latta is back on ice.
10:27 of 2nd period - Samuel Groulx is hit by Cam Atkinson and loses puck.
11:38 of 2nd period - Nathan Beaulieu is hit by Andrej Nestrasil and loses puck.
11:49 of 2nd period - Wrist shot by Cody Eakin.
11:49 of 2nd period - Shot Misses the Net.
12:06 of 2nd period - Kevin Connauton is hit by Victor Bartley and loses puck.
12:35 of 2nd period - Mark Alt is hit by Sam Carrick and loses puck.
13:00 of 2nd period - Joe Callahan is hit by Michal Repik and loses puck.
13:18 of 2nd period - Snap shot by Angelo Esposito.
13:18 of 2nd period - Shot Misses the Net.
13:42 of 2nd period - Tomas Tatar is hit by Troy Brouwer and loses puck.
14:31 of 2nd period - Snap shot by Ryan Reaves.
14:31 of 2nd period - Stopped by Andrew Hammond without a rebound.
14:32 of 2nd period - Cody Eakin wins face-off versus Michael Latta in Harfangs zone.
14:32 of 2nd period - Cody Eakin is hit by Michael Latta.
14:42 of 2nd period - Slapshot by Nick Holden.
14:42 of 2nd period - Goal by Nick Holden - Ice Dragons : 4 - Harfangs : 3.
14:43 of 2nd period - Jean-Gabriel Pageau wins face-off versus Michael Latta in neutral zone.
15:08 of 2nd period - Tyler Haskins is hit by Cody Eakin and loses puck.
15:55 of 2nd period - Snap shot by Jean-Gabriel Pageau.
15:55 of 2nd period - Stopped by Anders Nilsson without a rebound.
15:56 of 2nd period - Jean-Gabriel Pageau wins face-off versus Michael Latta in Ice Dragons zone.
16:02 of 2nd period - Icing by Michael Latta.
16:03 of 2nd period - Jean-Gabriel Pageau wins face-off versus Michael Latta in Ice Dragons zone.
16:12 of 2nd period - Snap shot by Troy Brouwer.
16:12 of 2nd period - Shot Blocked by Victor Bartley.
16:14 of 2nd period - Snap shot by Michael Latta.
16:14 of 2nd period - Shot Misses the Net.
16:16 of 2nd period - Wrist shot by Michael Latta.
16:16 of 2nd period - Shot Misses the Net.
17:09 of 2nd period - Michael Latta is hit by Dustin Jeffrey and loses puck.
17:32 of 2nd period - Slapshot by Jean-Gabriel Pageau.
17:32 of 2nd period - Shot Misses the Net.
18:07 of 2nd period - Off-side.
18:08 of 2nd period - Calle Jarnkrok wins face-off versus Andrej Nestrasil in neutral zone.
18:19 of 2nd period - Slapshot by Andreas Martinsen.
18:19 of 2nd period - Shot Misses the Net.
18:37 of 2nd period - Nathan Beaulieu is hit by Petr Vrana and loses puck.
18:55 of 2nd period - Icing by Brayden McNabb.
18:56 of 2nd period - Curtis Glencross wins face-off versus Cody Eakin in Ice Dragons zone.
19:33 of 2nd period - Slapshot by Dustin Jeffrey.
19:33 of 2nd period - Shot Misses the Net.
Goals for this period are 0 for Ice Dragons vs 2 for Harfangs.
Shots for this period are 6 for Ice Dragons vs 7 for Harfangs.
3rd period
0:01 of 3rd period - Jean-Gabriel Pageau wins face-off versus Michael Latta in neutral zone.
0:38 of 3rd period - Wrist shot by Troy Brouwer.
0:38 of 3rd period - Shot Misses the Net.
0:40 of 3rd period - Snap shot by Ian Cole.
0:40 of 3rd period - Stopped by Andrew Hammond without a rebound.
0:41 of 3rd period - Jean-Gabriel Pageau wins face-off versus Ryan Reaves in Harfangs zone.
1:11 of 3rd period - Kevin Connauton is hit by Tomas Tatar and loses puck.
1:28 of 3rd period - Snap shot by Calle Jarnkrok.
1:28 of 3rd period - Shot Blocked by Ian Cole.
1:30 of 3rd period - Snap shot by Andreas Martinsen.
1:30 of 3rd period - Stopped by Anders Nilsson with a rebound.
1:32 of 3rd period - Slapshot by Nathan Beaulieu.
1:32 of 3rd period - Deflect By Michal Repik.
1:32 of 3rd period - Goal by Michal Repik - Ice Dragons : 4 - Harfangs : 4.
1:33 of 3rd period - Jean-Gabriel Pageau wins face-off versus Michael Latta in neutral zone.
2:07 of 3rd period - Snap shot by Petr Vrana.
2:07 of 3rd period - Stopped by Andrew Hammond without a rebound.
2:08 of 3rd period - Jean-Gabriel Pageau wins face-off versus Michael Latta in Harfangs zone.
2:08 of 3rd period - Jean-Gabriel Pageau is hit by Troy Brouwer.
2:20 of 3rd period - Snap shot by Cam Atkinson.
2:20 of 3rd period - Stopped by Anders Nilsson with a rebound.
2:22 of 3rd period - Snap shot by Dylan Olsen.
2:22 of 3rd period - Shot Blocked by Kevin Connauton.
2:34 of 3rd period - Brandon Pirri is hit by Kevin Connauton and loses puck.
2:53 of 3rd period - Wrist shot by Angelo Esposito.
2:53 of 3rd period - Stopped by Anders Nilsson with a rebound.
3:07 of 3rd period - Minor Penalty to Victor Bartley for Hooking.
3:08 of 3rd period - Michael Latta wins face-off versus Cam Atkinson in Harfangs zone.
3:18 of 3rd period - Snap shot by Curtis Glencross.
3:18 of 3rd period - Shot Blocked by Cam Atkinson.
5:07 of 3rd period - Penalty to Victor Bartley is over, Victor Bartley is back on ice.
5:16 of 3rd period - Snap shot by Angelo Esposito.
5:16 of 3rd period - Stopped by Anders Nilsson without a rebound.
5:17 of 3rd period - Angelo Esposito wins face-off versus Andrej Nestrasil in Ice Dragons zone.
5:39 of 3rd period - Slapshot by Angelo Esposito.
5:39 of 3rd period - Shot Blocked by Brandon Kozun.
6:41 of 3rd period - Snap shot by Brandon Kozun.
6:41 of 3rd period - Deflect By Andrej Nestrasil.
6:41 of 3rd period - Stopped by Andrew Hammond without a rebound.
6:42 of 3rd period - Jean-Gabriel Pageau wins face-off versus Troy Brouwer in Harfangs zone.
6:42 of 3rd period - Jean-Gabriel Pageau is hit by Troy Brouwer.
7:32 of 3rd period - Off-side.
7:33 of 3rd period - Tyler Haskins wins face-off versus Jean-Gabriel Pageau in neutral zone.
7:35 of 3rd period - Brayden McNabb is hit by Jean-Gabriel Pageau and loses puck.
7:44 of 3rd period - Slapshot by Cam Atkinson.
7:44 of 3rd period - Shot Misses the Net.
7:46 of 3rd period - Snap shot by Dustin Jeffrey.
7:46 of 3rd period - Shot Misses the Net.
7:48 of 3rd period - Slapshot by Mark Alt.
7:48 of 3rd period - Shot Blocked by Kevin Connauton.
7:54 of 3rd period - Minor Penalty to Petr Vrana for Interference.
7:55 of 3rd period - Curtis Glencross wins face-off versus Jean-Gabriel Pageau in Ice Dragons zone.
8:43 of 3rd period - Snap shot by Cam Atkinson.
8:43 of 3rd period - Deflect By Jean-Gabriel Pageau.
8:43 of 3rd period - Stopped by Anders Nilsson without a rebound.
8:44 of 3rd period - Curtis Glencross wins face-off versus Cody Eakin in Ice Dragons zone.
8:44 of 3rd period - Curtis Glencross is hit by Cody Eakin.
9:54 of 3rd period - Penalty to Petr Vrana is over, Petr Vrana is back on ice.
12:59 of 3rd period - Alex Plante is hit by Brandon Kozun and loses puck.
13:32 of 3rd period - Wrist shot by Cam Atkinson.
13:32 of 3rd period - Shot Misses the Net.
13:42 of 3rd period - Jean-Gabriel Pageau is hit by Ian Cole and loses puck.
14:38 of 3rd period - Minor Penalty to Logan MacMillan for Slashing.
14:39 of 3rd period - Curtis Glencross wins face-off versus Jean-Gabriel Pageau in Ice Dragons zone.
16:04 of 3rd period - Icing by Tomas Tatar.
16:05 of 3rd period - Curtis Glencross wins face-off versus Tomas Tatar in Harfangs zone.
16:16 of 3rd period - Wrist shot by Jean-Gabriel Pageau.
16:16 of 3rd period - Stopped by Anders Nilsson without a rebound.
16:17 of 3rd period - Jean-Gabriel Pageau wins face-off versus Curtis Glencross in Ice Dragons zone.
16:20 of 3rd period - Snap shot by Cam Atkinson.
16:20 of 3rd period - Stopped by Anders Nilsson without a rebound.
16:21 of 3rd period - Curtis Glencross wins face-off versus Jean-Gabriel Pageau in Ice Dragons zone.
16:38 of 3rd period - Penalty to Logan MacMillan is over, Logan MacMillan is back on ice.
16:48 of 3rd period - Wrist shot by Jean-Gabriel Pageau.
16:48 of 3rd period - Goal by Jean-Gabriel Pageau - Ice Dragons : 4 - Harfangs : 5.
16:49 of 3rd period - Tyler Haskins wins face-off versus Calle Jarnkrok in neutral zone.
17:14 of 3rd period - Curtis Glencross is hit by Victor Bartley and loses puck.
17:25 of 3rd period - Wrist shot by Curtis Glencross.
17:25 of 3rd period - Goal by Curtis Glencross - Ice Dragons : 5 - Harfangs : 5.
17:26 of 3rd period - Calle Jarnkrok wins face-off versus Michael Latta in neutral zone.
17:29 of 3rd period - Snap shot by Calle Jarnkrok.
17:29 of 3rd period - Stopped by Anders Nilsson without a rebound.
17:30 of 3rd period - Michael Latta wins face-off versus Calle Jarnkrok in Ice Dragons zone.
17:39 of 3rd period - Slapshot by Calle Jarnkrok.
17:39 of 3rd period - Shot Blocked by Ian Cole.
17:43 of 3rd period - Snap shot by Calle Jarnkrok.
17:43 of 3rd period - Shot Hit the Post.
17:45 of 3rd period - Wrist shot by Michal Repik.
17:45 of 3rd period - Deflect By Troy Brouwer.
17:45 of 3rd period - Shot Misses the Net.
17:45 of 3rd period - Puck is out of play.
17:46 of 3rd period - Tyler Haskins wins face-off versus Jean-Gabriel Pageau in Ice Dragons zone.
17:48 of 3rd period - Minor Penalty to Ryan Reaves for Hooking.
17:49 of 3rd period - Curtis Glencross wins face-off versus Jean-Gabriel Pageau in Ice Dragons zone.
18:18 of 3rd period - Icing by Brandon Pirri.
18:19 of 3rd period - Cody Eakin wins face-off versus Michael Latta in Harfangs zone.
18:26 of 3rd period - Slapshot by Nick Holden.
18:26 of 3rd period - Stopped by Anders Nilsson with a rebound.
18:28 of 3rd period - Snap shot by Jean-Gabriel Pageau.
18:28 of 3rd period - Goal by Jean-Gabriel Pageau - Ice Dragons : 5 - Harfangs : 6.
18:29 of 3rd period - Calle Jarnkrok wins face-off versus Michael Chaput in neutral zone.
18:59 of 3rd period - Ice Dragons, Anders Nilsson is pulled from the net.
19:56 of 3rd period - Off-side.
19:57 of 3rd period - Darryl Sutter call a timeout for Ice Dragons.
19:57 of 3rd period - Jean-Gabriel Pageau wins face-off versus Michael Latta in neutral zone.
Goals for this period are 1 for Ice Dragons vs 3 for Harfangs.
Shots for this period are 4 for Ice Dragons vs 12 for Harfangs.
Back to the Top